AoeStats
← Dead"Facil te carreo"Rabbit

Nomad

509167327Analyzed
2v2 RM · 7d ago on Sep 25, 2026· 69m 36s· 4 players
Game mode
Random Map
Map size
176×176
Population
200
Speed
Normal
Resources
Standard
Victory
Conquest
Starting age
Dark Age
Ending age
Imperial Age
RankedLock teamsTeams togetherTeam positionsShared explorationLock speedFull tech treeHidden civsTurbo modeCheats
Victory
Defeat
🇭🇷 Spanish · Croatia
1104
+17
🇭🇷 Malay · Croatia
1104
+17
🇨🇱 Danes · Chile
1247
-21
1024
-13
ColdFire
8:42 Loom
16:36 Feudal Age
16:42 Gold Mining
18:23 Fishing Lines
20:16 Double-Bit Axe
25:26 Castle Age
23:29 Fletching
24:20 Padded Archer Armor
25:22 Bow Saw
24:36 Crossbowman
26:38 Gold Shaft Mining
26:42 Medium Warships
26:40 Bodkin Arrow
28:40 Wheelbarrow
28:32 Gillnets
30:13 Thumb Ring
30:33 Husbandry
33:12 Hand Cart
35:37 Stone Mining
36:21 Forging
37:12 Stone Shaft Mining
36:31 Elite Skirmisher
39:16 Iron Casting
40:54 Thalassocracy
43:59 Imperial Age
42:24 Man-at-Arms
43:28 Forced Levy
43:33 Bracer
44:43 Blast Furnace
43:29 Long Swordsman
44:10 Squires
44:31 Two-Handed Swordsman
45:27 Arson
46:20 Conscription
48:13 Leather Archer Armor
47:54 Town Watch
50:03 Ring Archer Armor
50:09 Coinage
51:20 Banking
53:51 Cavalier
55:35 Scale Barding Armor
61:28 Heavy Warships
62:27 Siege Engineers
62:43 Ballistics
63:23 Chemistry
62:34 Masonry
62:40 Careening
66:23 Town Patrol
The Beast
4:06 Loom
16:18 Feudal Age
16:55 Double-Bit Axe
18:04 Wheelbarrow
17:54 Man-at-Arms
18:21 Arson
28:07 Town Watch
28:30 Stone Mining
31:09 Castle Age
29:11 Fishing Lines
33:49 Bow Saw
34:27 Bloodlines
37:03 Husbandry
37:34 Padded Archer Armor
37:45 Forging
38:33 Fletching
38:59 Leather Archer Armor
38:51 Gold Mining
40:39 Bodkin Arrow
45:08 Hand Cart
45:31 Iron Casting
48:05 Imperial Age
47:23 Scale Barding Armor
49:18 Conscription
49:24 Cavalier
54:45 Blast Furnace
53:46 Bracer
54:17 Ring Archer Armor
54:33 Chain Barding Armor
55:55 Plate Barding Armor
57:34 Scale Mail Armor
59:13 Ballistics
58:44 Elite Conquistador
60:07 Light Cavalry
61:06 Hussar
67:08 Paladin
Manco Cápac II
5:54 Loom
12:53 Feudal Age
17:27 Castle Age
16:26 Double-Bit Axe
16:56 Scale Mail Armor
16:47 Fletching
16:40 Fishing Lines
17:15 Arson
17:58 Forging
18:57 Squires
19:42 Wheelbarrow
21:06 Gold Mining
21:40 Horse Collar
27:51 Gambesons
28:34 Chain Mail Armor
32:30 Hand Cart
32:44 Fletching
44:28 Bodkin Arrow
51:37 Imperial Age
50:18 Ballistics
51:00 Iron Casting
52:16 Heavy Scorpion
53:01 Town Watch
54:20 Chemistry
53:08 Hamask
54:21 Conscription
53:54 Northmen's Fury
58:10 Gold Shaft Mining
57:25 Stone Mining
57:37 Heavy Plow
57:48 Bow Saw
60:43 Plate Mail Armor
61:58 Blast Furnace
67:04 Siege Engineers
Dead"Facil te carreo"Rabbit
7:09 Loom
14:00 Feudal Age
19:42 Fletching
19:53 Padded Archer Armor
27:48 Castle Age
25:54 Horse Collar
28:56 Double-Bit Axe
28:44 Crossbowman
29:22 Bodkin Arrow
29:42 Leather Archer Armor
33:28 Stone Mining
33:53 Gold Mining
34:29 Bow Saw
40:06 Stone Shaft Mining
43:03 Heavy Plow
58:17 Imperial Age
61:38 Imperial Age
63:10 Imperial Age
Connection lost

Rejoining the realm…

Still unreachable

The connection could not be restored.

Session expired

The server has moved on; the page needs a fresh start.